 Dungeon Crawl Stone Soup version 0.23.2-33-g5129a83184 (webtiles) character file.

Game seed: 10643278983312482212

32235 jerry414 the Eclecticist (level 13, 0/67 HPs)
             Began as a Deep Elf Fire Elementalist on July 24, 2019.
             Was an Elder of Vehumet.
             Slain by an eight-headed hydra (2 damage)
             ... on level 5 of the Lair of Beasts.
             The game lasted 01:22:45 (25375 turns).

jerry414 the Eclecticist (DEFE)                    Turns: 25375, Time: 01:22:46

Health: 0/67       AC: 12    Str:  5    XL:     13   Next: 30%
Magic:  29/35      EV: 11    Int: 26    God:    Vehumet [****..]
Gold:   387        SH:  0    Dex: 15    Spells: 20/44 levels left

rFire    + . .     SeeInvis .   O - +2 dagger (drain)
rCold    x . .     Gourm    .   (no shield)
rNeg     . . .     Faith    .   t - +1 ring mail of the Eagle {MR+}
rPois    .         Spirit   .   (helmet restricted)
rElec    .         Reflect  .   j - scarf {cloud immunity}
rCorr    .         Harm     .   q - +0 pair of gloves
MR       ++...                  w - +1 pair of boots
Stlth    +++.......             (no amulet)
HPRegen  0.21/turn              s - ring of wizardry
MPRegen  0.24/turn              U - ring of fire

@: hasted, very quick
A: horns 1, yellow scales 1, MP-powered wands
a: Renounce Religion


You were on level 5 of the Lair of Beasts.
You worshipped Vehumet.
Vehumet was greatly pleased with you.
You were not hungry.

You visited 3 branches of the dungeon, and saw 17 of its levels.
You also visited: Sewer.

You collected 920 gold pieces.
You spent 533 gold pieces at shops.

Inventory:

Hand Weapons
 m - a +0 dagger
 K - a +1 dagger of chaos
 O - a +2 dagger of draining (weapon)
Armour
 j - a scarf of cloud immunity (worn)
 q - a +0 pair of gloves (worn)
 t - the +1 ring mail of the Eagle (worn) {MR+}
   (You bought it in a shop on level 5 of the Dungeon)

   It affects your resistance to hostile enchantments.
 w - a +1 pair of boots (worn)
Jewellery
 a - an uncursed ring of fire
 g - a +3 ring of intelligence
 p - an uncursed ring of poison resistance
 s - a ring of wizardry (left hand)
 A - a +4 ring of strength
 H - an uncursed ring of protection from cold
 I - an uncursed ring of stealth
 U - a ring of fire (right hand)
Wands
 b - a wand of digging (6)
 l - a wand of acid (11)
 y - a wand of disintegration (31)
 C - a wand of random effects (22)
 F - a wand of enslavement (8)
 N - a wand of paralysis (7)
 P - a wand of scattershot (3)
 V - a wand of polymorph (15)
Scrolls
 d - 2 scrolls of silence {unknown}
 e - 2 scrolls of magic mapping
 o - 7 scrolls of teleportation
 u - 2 scrolls of identify
 z - a scroll of random uselessness {unknown}
 D - 3 scrolls of enchant armour
 E - a scroll of amnesia {unknown}
 J - 2 scrolls of remove curse
 M - 2 scrolls of vulnerability {unknown}
 Q - 2 scrolls of enchant weapon {unknown}
Potions
 f - 5 potions of mutation
 k - 3 potions of cancellation
 n - 3 potions of brilliance
 r - a potion of curing
 v - 2 potions of flight
 B - a potion of invisibility {unknown}
 S - 2 potions of lignification
 T - a potion of might
 X - a potion of resistance
Miscellaneous
 L - a sack of spiders
 W - a lightning rod (4/4)
Comestibles
 c - 26 rations


   Skills:
 + Level 2.2 Fighting
 + Level 6.3 Armour
 + Level 5.5 Dodging
 + Level 7.0 Stealth
 + Level 16.1 Spellcasting
 + Level 12.0 Conjurations
 + Level 11.8 Fire Magic
 + Level 2.7 Air Magic
 + Level 3.1 Poison Magic
 + Level 0.7 Evocations


You had 20 spell levels left.
You knew the following spells:

 Your Spells              Type           Power        Failure   Level  Hunger
a - Flame Tongue          Conj/Fire      #####        1%          1    None
b - Conjure Flame         Conj/Fire      #######.     1%          3    None
c - Sticky Flame          Conj/Fire      #######.     1%          4    None
d - Fireball              Conj/Fire      #######...   1%          5    None
e - Mephitic Cloud        Conj/Pois/Air  ######..     1%          3    None
f - Ignite Poison         Fire/Tmut/Pois ######..     1%          3    None
g - Bolt of Magma         Conj/Fire/Erth #######...   1%          5    None

Your spell library contained the following spells:

 Spells                   Type           Power        Failure   Level  Hunger
 Freeze                   Ice            ###.         1%          1    None
 Sandblast                Erth           ###...       1%          1    None
 Sting                    Conj/Pois      ####         1%          1    None
 Poisonous Vapours        Pois/Air       #####.       1%          2    None
 Throw Flame              Conj/Fire      ######       1%          2    None
 Throw Frost              Conj/Ice       ######       1%          2    None
 Dazzling Spray           Conj/Hex       ######       1%          3    None
 Inner Flame              Hex/Fire       ######..     1%          3    None
 Stone Arrow              Conj/Erth      ######       1%          3    None
 Throw Icicle             Conj/Ice       ######..     1%          4    None
 Venom Bolt               Conj/Pois      ######....   1%          5    None
 Olgreb's Toxic Radiance  Pois           #####...     3%          4    None
 Corona                   Hex            ###....      4%          1    None
 Ensorcelled Hibernation  Hex/Ice        ###...       6%          2    None
 Passwall                 Tmut/Erth      ###.....     6%          2    None
 Confuse                  Hex            ###.....     12%         3    None
 Ozocubu's Armour         Chrm/Ice       ###.....     12%         3    None
 Tukima's Dance           Hex            ###.....     12%         3    None
 Lee's Rapid Deconstruct  Erth           ###.......   24%         5    None
 Petrify                  Tmut/Erth      ###.....     34%         4    None
 Summon Ice Beast         Ice/Summ       ###.....     34%         4    None


Dungeon Overview and Level Annotations

Branches:
Dungeon (10/15)            Temple (1/1) D:6            Lair (6/6) D:8
 Shoals (0/4) Lair:2       Spider (0/4) Lair:3        Slime (0/5) Lair:5
    Orc: D:9-12

Altars:
Ashenzari
Cheibriados
Dithmenos
Elyvilon
Fedhas
Gozag
Kikubaaqudgha
Makhleb
Nemelex Xobeh
Okawaru
Qazlal
Ru
Sif Muna
Trog
Uskayaw
Vehumet
Wu Jian
Xom
Yredelemnul
Zin
The Shining One
Lugonu

Shops:
D:5 ?[=(%   D:9 %

Portals:
Trove: D:10 (show abyssal rune of Zot)

Annotations:
D:3 2 transporters, Kold's ghost, amateur OpTm
D:9 1 runed translucent door, Hycrow's ghost, novice MiBe


Innate Abilities, Weirdness & Mutations

You have a pair of small horns on your head.
You are partially covered in yellow scales. (AC +2)
You expend magic power (3 MP) to strengthen your wands.


Message History

The eight-headed hydra closely misses you.
The eight-headed hydra barely misses you.
The eight-headed hydra bites you but does no damage.
The eight-headed hydra bites you.
The eight-headed hydra bites you but does no damage.
The eight-headed hydra barely misses you.
The eight-headed hydra bites you.
The yak is engulfed in noxious fumes.
The yak appears confused.
The yak gores you.
The eight-headed hydra burns!
The yak is engulfed in noxious fumes.
The yak appears confused.
The yak gores you!
* * * LOW HITPOINT WARNING * * *
You feel yourself speed up.
The eight-headed hydra burns!
The eight-headed hydra misses you. The eight-headed hydra bites you!
* * * LOW HITPOINT WARNING * * *
The eight-headed hydra closely misses you.
The eight-headed hydra bites you!
* * * LOW HITPOINT WARNING * * *
The eight-headed hydra bites you but does no damage.
The eight-headed hydra bites you.
You die...

####P.### #.##....####
##..........#
###...........#
#.............## #
##........☼.☼)#.# ##
#.........○☼....# ### .#
#.........☼YD..#####.#
######..........@.###P#.##
.#.####...........###..##
.....#..................#
.....##..P.............##
#.#...#..P..........####
.#............P....##
####.......##.##..##
.###P#...#.###...##
#.####P..##......##


You could see an eight-headed hydra (burning) and a yak (confused).

Vanquished Creatures
  2 hydras (Lair:5)
  A catoblepas (Lair:6)
  Erica (Lair:2)
  2 two-headed ogres
  9 death yaks
  A merfolk siren (Lair:2)
  Joseph (D:8)
  A torpor snail (Lair:3)
  9 spiny frogs
  6 black mambas
  Psyche (D:9)
  A rime drake (Lair:2)
  7 komodo dragons
  A troll (D:9)
  A jumping spider (Lair:3)
  Grinder (D:6)
  5 tyrant leeches
  12 blink frogs
  5 hippogriffs
  9 yaks
  A human (D:7)
  4 hogs (D:7)
  A wraith (D:10)
  2 basilisks
  A hungry ghost (D:9)
  Menkaure (D:6)
  Edmund (D:4)
  6 swamp worms
  6 water moccasins
  7 porcupines
  3 sky beasts
  An orc warrior (D:10)
  4 ice beasts
  2 black bears
  A phantom (D:7)
  7 ogres
  2 wolves (Lair:6)
  3 centaurs
  11 crocodiles
  2 big kobolds
  8 bullfrogs
  4 scorpions
  3 killer bees (D:4)
  4 wights (D:9)
  2 howler monkeys
  2 crimson imps
  A centaur zombie (D:8)
  A bullfrog zombie (D:5)
  3 hounds
  6 orc priests
  11 orc wizards
  3 bullfrog skeletons
  3 centaur skeletons
  3 jellies
  4 iguanas
  5 worker ants
  15 adders
  9 river rats (Sewer)
  2 shadow imps
  3 oozes (Lair:5)
  5 worms
  3 dart slugs
  8 leopard geckos
  47 orcs
  6 ball pythons
  4 giant cockroaches
  2 goblins (D:2)
  7 hobgoblins
  7 jackals
  25 kobolds
  3 quokkas
  12 bats
  2 frilled lizards
  A jackal zombie (D:6)
  A leopard gecko skeleton (D:4)
  A quokka skeleton (D:7)
  29 rats
  A spectral orc (D:7)
  4 fungi
402 creatures vanquished.

Vanquished Creatures (others)
  13 plants
  2 withered plants (D:9)
15 creatures vanquished.

Grand Total: 417 creatures vanquished

Notes
Turn   | Place    | Note
-------+----------+-------------------------------------------
     0 | D:1      | jerry414 the Deep Elf Fire Elementalist began the quest for
                  | the Orb.
     0 | D:1      | Reached XP level 1. HP: 10/10 MP: 6/6
   199 | D:1      | Reached XP level 2. HP: 3/15 MP: 0/8
  1018 | D:2      | Found a shimmering altar of Xom.
  1219 | D:2      | Reached XP level 3. HP: 17/19 MP: 2/10
  1224 | D:2      | Learned a level 3 spell: Conjure Flame
  2112 | D:3      | Found a deep blue altar of Sif Muna.
  2119 | D:3      | Reached XP level 4. HP: 24/24 MP: 3/11
  2614 | D:3      | Reached skill level 4 in Spellcasting
  2895 | D:2      | Reached XP level 5. HP: 7/28 MP: 3/13
  3065 | D:3      | Reached skill level 1 in Armour
  3186 | D:2      | Learned a level 4 spell: Sticky Flame
  3720 | D:3      | Found a transporter.
  3721 | D:3      | Noticed Kold's ghost (amateur OpTm)
  3886 | D:3      | Found a transporter.
  4066 | D:3      | Reached skill level 5 in Spellcasting
  4318 | D:3      | Reached XP level 6. HP: 25/32 MP: 12/15
  4352 | D:3      | Learned a level 5 spell: Fireball
  4554 | D:4      | Found a glowing drain.
  4561 | Sewer    | Entered a sewer
  5296 | Sewer    | Reached skill level 5 in Fire Magic
  5467 | Sewer    | Reached skill level 6 in Spellcasting
  5914 | Sewer    | Gained mutation: You have a pair of small horns on your
                  | head. [potion of mutation]
  5914 | Sewer    | Gained mutation: You are partially covered in yellow
                  | scales. (AC +2) [potion of mutation]
  5914 | Sewer    | Gained mutation: You expend magic power (3 MP) to
                  | strengthen your wands. [potion of mutation]
  6062 | D:4      | Noticed Edmund
  6093 | D:4      | Killed Edmund
  6093 | D:4      | Reached XP level 7. HP: 29/36 MP: 7/18
  7261 | D:4      | Found a sparkling altar of Nemelex Xobeh.
  7440 | D:5      | Entered Level 5 of the Dungeon
  7600 | D:5      | Found Hataqass's Antique Armour Shop.
  7635 | D:5      | Bought a bloodstained ring mail for 234 gold pieces
  7645 | D:5      | Identified the cursed +1 ring mail of the Eagle {MR+} (You
                  | bought it in a shop on level 5 of the Dungeon)
  7717 | D:5      | Found a burning altar of Makhleb.
  7727 | D:5      | Reached skill level 7 in Spellcasting
  7788 | D:5      | Reached XP level 8. HP: 42/42 MP: 10/20
  7855 | D:5      | Found Hoevilem's Magic Scroll Boutique.
  7863 | D:5      | Bought a scroll of fear for 49 gold pieces
  8214 | D:5      | Found Zugon's Food Shoppe.
  8514 | D:5      | Found Cyschepp's Jewellery Boutique.
  8589 | D:5      | Found Soiquob's Weapon Emporium.
  8675 | D:6      | Reached skill level 5 in Conjurations
  8879 | D:5      | Reached skill level 8 in Spellcasting
  9005 | D:6      | Noticed Grinder
  9287 | D:6      | Killed Grinder
  9432 | D:6      | Noticed Menkaure
  9447 | D:6      | Killed Menkaure
  9578 | D:6      | Found an ornate altar of the Wu Jian Council.
  9584 | D:6      | Found a snail-covered altar of Cheibriados.
  9688 | D:6      | Reached XP level 9. HP: 46/46 MP: 14/23
  9838 | D:6      | Found a staircase to the Ecumenical Temple.
  9849 | Temple   | Entered the Ecumenical Temple
  9948 | Temple   | Became a worshipper of Vehumet
 10157 | D:7      | Reached skill level 9 in Spellcasting
 10874 | D:7      | Reached skill level 5 in Stealth
 10879 | D:7      | Reached * piety under Vehumet
 10879 | D:7      | Offered knowledge of Magic Dart by Vehumet.
 11176 | D:7      | Found a basalt altar of Yredelemnul.
 11349 | D:7      | Reached skill level 10 in Spellcasting
 11551 | D:8      | Found a blossoming altar of Fedhas.
 11789 | D:8      | Noticed Joseph
 11796 | D:8      | Noticed a two-headed ogre
 12002 | D:8      | Killed Joseph
 12002 | D:8      | Reached XP level 10. HP: 26/51 MP: 16/26
 12350 | D:8      | Reached skill level 1 in Fighting
 12414 | D:8      | Killed a two-headed ogre
 12485 | D:8      | Reached skill level 11 in Spellcasting
 12721 | D:8      | Reached ** piety under Vehumet
 12721 | D:8      | Offered knowledge of Searing Ray by Vehumet.
 12908 | D:8      | Found a staircase to the Lair.
 13224 | D:9      | Noticed a two-headed ogre
 13270 | D:9      | Found Juojuc's Food Emporium.
 13626 | D:9      | Found a runed translucent door.
 13626 | D:9      | Noticed Hycrow's ghost (novice MiBe)
 13740 | D:9      | Reached skill level 5 in Armour
 13792 | D:9      | Learned a level 3 spell: Mephitic Cloud
 13793 | D:9      | Noticed Psyche
 13804 | D:9      | Killed Psyche
 13873 | D:9      | Found a glowing silver altar of Zin.
 13964 | D:9      | Found a shattered altar of Ashenzari.
 14252 | D:9      | Found a hide-covered altar of Uskayaw.
 14373 | D:9      | Killed a two-headed ogre
 14373 | D:9      | Reached skill level 12 in Spellcasting
 14540 | D:9      | Found an ancient bone altar of Kikubaaqudgha.
 14804 | D:10     | Entered Level 10 of the Dungeon
 14941 | D:10     | Found a portal to a secret trove of treasure.
 14961 | D:10     | Found an ancient bone altar of Kikubaaqudgha.
 15013 | D:10     | Offered knowledge of Ignite Poison by Vehumet.
 15019 | D:10     | Learned a level 3 spell: Ignite Poison
 15078 | D:10     | Reached XP level 11. HP: 48/56 MP: 6/29
 15422 | D:10     | Reached skill level 1 in Poison Magic
 15442 | D:10     | Reached *** piety under Vehumet
 16088 | Lair:1   | Entered Level 1 of the Lair of Beasts
 16391 | Lair:1   | Reached skill level 10 in Fire Magic
 16714 | Lair:1   | Offered knowledge of Fulminant Prism by Vehumet.
 17337 | Lair:2   | Reached skill level 5 in Dodging
 17337 | Lair:2   | Reached skill level 13 in Spellcasting
 17786 | Lair:2   | Found a staircase to the Shoals.
 18036 | D:5      | Bought an uncursed ring of fire for 250 gold pieces
 18371 | Lair:2   | Reached skill level 1 in Air Magic
 18895 | Lair:2   | Noticed Erica
 18914 | Lair:2   | Killed Erica
 19326 | Lair:2   | Reached **** piety under Vehumet
 19497 | Lair:2   | Reached skill level 10 in Conjurations
 19509 | Lair:2   | Reached XP level 12. HP: 20/61 MP: 11/31
 19988 | Lair:3   | Reached skill level 14 in Spellcasting
 19992 | Lair:3   | Offered knowledge of Bolt of Magma by Vehumet.
 20841 | Lair:3   | Found a hole to the Spider Nest.
 22139 | Lair:4   | Noticed a death yak
 22140 | Lair:4   | Noticed a death yak
 22150 | Lair:4   | Killed a death yak
 22151 | Lair:4   | Noticed a death yak
 22382 | Lair:4   | Killed a death yak
 22382 | Lair:4   | Reached skill level 15 in Spellcasting
 22385 | Lair:4   | Killed a death yak
 23243 | Lair:5   | Noticed an eight-headed hydra
 23269 | Lair:5   | Killed an eight-headed hydra
 23409 | Lair:5   | Noticed an eight-headed hydra
 23413 | Lair:5   | Killed an eight-headed hydra
 23580 | Lair:5   | Noticed a death yak
 23583 | Lair:5   | Noticed a death yak
 23584 | Lair:5   | Killed a death yak
 23584 | Lair:5   | Noticed a death yak
 23584 | Lair:5   | Noticed a death yak
 23584 | Lair:5   | Noticed a death yak
 23592 | Lair:5   | Killed a death yak
 23603 | Lair:5   | Killed a death yak
 23624 | Lair:5   | Killed a death yak
 23624 | Lair:5   | Reached XP level 13. HP: 42/66 MP: 1/34
 23911 | Lair:5   | Learned a level 5 spell: Bolt of Magma
 24286 | Lair:5   | Found a staircase to the Slime Pits.
 24462 | Lair:6   | Entered Level 6 of the Lair of Beasts
 24605 | Lair:6   | Reached skill level 16 in Spellcasting
 25375 | Lair:5   | HP: 2/67 [eight-headed hydra (8)]
 25375 | Lair:5   | Slain by an eight-headed hydra

Skill      XL: |  1  2  3  4  5  6  7  8  9 10 11 12 13 |
---------------+----------------------------------------+-----
Fire Magic     | 4 5 6 7 8 9 10 11 | 11.8
Stealth        | 3 4 5 6 7 |  7.0
Spellcasting   | 4 5 6 7 8 10 12 13 15 16 | 16.1
Conjurations   | 2 4 5 7 8 10 11 12 | 12.0
Armour         | 1 2 3 4 5 6 |  6.3
Dodging        | 3 4 5 |  5.5
Fighting       | 1 2 |  2.2
Poison Magic   | 1 2 3 |  3.1
Air Magic      | 1 2 |  2.7
Evocations     | |  0.7

Action                   |  1- 3 |  4- 6 |  7- 9 | 10-12 | 13-15 || total
-------------------------+-------+-------+-------+-------+-------++-------
Melee: Unarmed           |    13 |       |       |       |       ||    13
       Dagger            |     8 |     3 |    20 |     7 |     1 ||    39
       Headbutt          |       |       |     4 |     2 |       ||     6
 Cast: Flame Tongue      |    74 |   165 |   159 |   341 |     9 ||   748
       Conjure Flame     |     1 |     5 |    15 |    22 |       ||    43
       Sticky Flame      |       |     6 |    38 |    65 |     7 ||   116
       Fireball          |       |     1 |     3 |    45 |    30 ||    79
       Mephitic Cloud    |       |       |       |    32 |     6 ||    38
       Bolt of Magma     |       |       |       |       |     2 ||     2
Evoke: Wand              |       |       |     5 |       |       ||     5
  Use: Scroll            |       |     3 |     8 |    14 |     1 ||    26
       Potion            |       |    11 |       |     8 |     4 ||    23
 Stab: Sleeping          |       |       |     4 |     1 |       ||     5
       Distracted        |       |       |     1 |       |       ||     1
  Eat: Chunk             |     3 |     9 |    17 |    23 |     2 ||    54
       Ration            |       |     2 |     1 |     4 |     1 ||     8
Armor: Robe              |     6 |       |       |       |       ||     6
       Leather armour    |    17 |    17 |    11 |       |       ||    45
       Ring mail         |       |       |    46 |    70 |    18 ||   134
Dodge: Dodged            |    40 |    79 |    62 |    92 |    24 ||   297
